 Dungeon Crawl Stone Soup version 0.29-a0-393-g47a863cc1b (webtiles) character file.

Game seed: 14304684299420095802

373 hquester the Sneak (level 6, -9/32 (44) HPs)
             Began as a Gnoll Enchanter on May 10, 2022.
             Mangled by a wight
             ... wielding a +5 dire flail
              (11 damage)
             ... on level 3 of the Dungeon.
             The game lasted 00:25:42 (3449 turns).

hquester the Sneak (Gnoll Enchanter)                Turns: 3449, Time: 00:25:43

HP:   -9/32 (44)    AC: 34    Str:  8    XL:     6   Next: 72%
MP:   0/14          EV:  4    Int: 16    God:
Gold: 95            SH:  0    Dex: 12    Spells: 15/15 levels left

rFire   . . .      SeeInvis .   i - +2 dagger (protect)
rCold   . . .      Faith    .   (no shield)
rNeg    . . .      Spirit   +   p - +18 Lear's hauberk
rPois   .          Reflect  .   (helmet currently unavailable)
rElec   .          Harm     .   j - +0 cloak of the Shining Light {+Blink Stlth+}
rCorr   .          Rampage  .   (gloves currently unavailable)
Will    .....                   (boots currently unavailable)
Stlth   +.........              r - amulet of guardian spirit
HPRegen 0.10/turn               (no ring)
MPRegen 0.14/turn               (no ring)

@: under a protective aura, very heavily drained
A: fangs 1, strong nose, distributed training
a: Evoke Blink


You were on level 3 of the Dungeon.
You visited 1 branch of the dungeon, and saw 3 of its levels.

You collected 95 gold pieces.

Inventory:

Hand Weapons
 f - a +0 hunting sling
 i - a +2 dagger of protection (weapon)
 q - a +3 war axe
Missiles
 e - 46 stones (quivered)
Armour
 b - a +0 robe
 g - a +0 pair of gloves
 j - the +0 cloak of the Shining Light (worn) {+Blink Stlth+}
   (You found it on level 2 of the Dungeon)

   +Blink:    It lets you blink.
   Stlth:     It makes you more stealthy.
 p - the +18 Lear's hauberk (worn)
   (You found it on level 2 of the Dungeon)
Magical Staves
 h - a staff of conjuration
Jewellery
 r - an amulet of guardian spirit (around neck)
Wands
 m - a wand of polymorph (11)
Scrolls
 k - 3 scrolls of fear
 l - a scroll of teleportation
 t - a scroll of summoning {unknown}
Potions
 a - a potion of flight
 c - 2 potions of invisibility
 d - a potion of curing {unknown}
 n - a potion of degeneration {unknown}
 o - a potion of brilliance
 s - a potion of haste {unknown}


   Skills:
 + Level 2.1 Fighting
 + Level 3.3 Short Blades
 + Level 2.1 Long Blades
 + Level 2.1 Axes
 + Level 2.1 Maces & Flails
 + Level 2.1 Polearms
 + Level 2.1 Staves
 + Level 2.1 Slings
 + Level 2.1 Bows
 + Level 2.1 Crossbows
 + Level 2.1 Throwing
 + Level 2.1 Armour
 + Level 5.0 Dodging
 + Level 6.3 Stealth
 + Level 2.1 Shields
 + Level 2.1 Unarmed Combat
 + Level 5.4 Spellcasting
 + Level 1.6 Conjurations
 + Level 5.7 Hexes
 + Level 1.6 Summonings
 + Level 1.6 Necromancy
 + Level 1.6 Translocations
 + Level 1.6 Transmutations
 + Level 1.6 Fire Magic
 + Level 1.6 Ice Magic
 + Level 1.6 Air Magic
 + Level 1.6 Earth Magic
 + Level 1.6 Poison Magic
 + Level 2.3 Invocations
 + Level 2.1 Evocations


You had 15 spell levels left.
You didn't know any spells.
Your spell library contained the following spells:

 Spells                   Type           Power      Damage    Failure   Level
 Animate Skeleton         Necr           18%        N/A       100%        1
 Beastly Appendage        Tmut           18%        N/A       100%        1
 Pain                     Necr           36%        1d5       100%        1
 Corpse Rot               Necr/Air       18%        N/A       100%        2
 Ensorcelled Hibernation  Hex/Ice        32%        N/A       100%        2
 Poisonous Vapours        Pois/Air       18%        N/A       100%        2
 Wereblood                Tmut           9%         N/A       100%        2
 Confusing Touch          Hex            22%        N/A       100%        3
 Dazzling Flash           Conj/Hex       32%        N/A       100%        3
 Ignite Poison            Fire/Tmut/Pois 9%         N/A       100%        3
 Mephitic Cloud           Conj/Pois/Air  9%         N/A       100%        3
 Spider Form              Tmut/Pois      9%         N/A       100%        3
 Tukima's Dance           Hex            22%        N/A       100%        3
 Vampiric Draining        Necr           9%         2d6       100%        3
 Freezing Cloud           Conj/Ice/Air   4%         6-21      100%        5


Dungeon Overview and Level Annotations

Branches:
Dungeon (3/15)

Altars:

Shops:
D:2 *   D:3 (


Innate Abilities, Weirdness & Mutations

You have very sharp teeth.
Your uncanny sense of smell can sniff out nearby items.
Your experience applies equally to all skills.


Message History

The wight is moderately damaged.
The wight hits you but does no damage.
You hit the wight but do no damage.
The wight is moderately damaged.
The wight hits you but does no damage.
You hit the wight but do no damage.
The wight is moderately damaged.
The wight hits you but does no damage.
You hit the wight but do no damage.
The wight is moderately damaged.
The wight hits you with a +5 dire flail.
You feel drained.
You hit the wight but do no damage.
The wight is moderately damaged.
The wight hits you but does no damage.
You closely miss the wight.
The wight is moderately damaged.
The wight hits you with a +5 dire flail!
You feel drained.
You hit the wight.
The wight is heavily damaged.
You hit the wight.
The wight is heavily damaged.
The wight barely misses you.
You hit the wight but do no damage.
The wight is heavily damaged.
The wight hits you with a +5 dire flail!
* * * LOW HITPOINT WARNING * * *
You closely miss the wight. Your bite misses the wight.
The wight is heavily damaged.
The wight hits you with a +5 dire flail.
* * * LOW HITPOINT WARNING * * *
You feel drained.
You hit the wight but do no damage.
The wight is heavily damaged.
The wight hits you but does no damage.
You hit the wight. You bite the wight, but do no damage.
The wight is heavily damaged.
The wight hits you with a +5 dire flail!
You die...

#...)....[....#
#.###########..
######.# ##.
#......# #. #.###..#
#. #.# #..# #.
#.###.## #. #.....#
#. ###@### ########
#.
###z######......###.
#.....##.....##.##..
#.###.##.###.##.....
#.# #)...# #.#####..
#.# #.##.###.#####..
#.....##............
#.#.####.....#######
#.#.# ##...##


You could see a wight.

Vanquished Creatures
  Sigmund (D:3)
  2 wights (D:3)
  2 adders
  3 worms (D:2)
  4 dart slugs
  3 orcs (D:3)
  3 ball pythons
  7 bats
  5 endoplasms
  4 giant cockroaches
  7 goblins
  5 hobgoblins
  8 jackals (D:2)
  4 kobolds
  4 quokkas
  4 frilled lizards
  3 rats
69 creatures vanquished.

Notes
Turn   | Place    | Note
-------+----------+-------------------------------------------
     0 | D:1      | hquester the Gnoll Enchanter began the quest for the Orb.
     0 | D:1      | Reached XP level 1. HP: 13/13 MP: 6/6
   300 | D:1      | Reached XP level 2. HP: 14/19 MP: 7/7
   817 | D:1      | Reached XP level 3. HP: 25/25 MP: 9/9
   871 | D:1      | Reached skill level 5 in Spellcasting
   979 | D:2      | Reached skill level 6 in Stealth
  1013 | D:2      | Reached skill level 1 in Invocations
  1267 | D:2      | Reached skill level 1 in Fighting
  1267 | D:2      | Reached skill level 1 in Long Blades
  1267 | D:2      | Reached skill level 1 in Axes
  1267 | D:2      | Reached skill level 1 in Maces & Flails
  1267 | D:2      | Reached skill level 1 in Polearms
  1267 | D:2      | Reached skill level 1 in Staves
  1267 | D:2      | Reached skill level 1 in Slings
  1267 | D:2      | Reached skill level 1 in Bows
  1267 | D:2      | Reached skill level 1 in Crossbows
  1267 | D:2      | Reached skill level 1 in Throwing
  1267 | D:2      | Reached skill level 1 in Armour
  1267 | D:2      | Reached skill level 1 in Shields
  1267 | D:2      | Reached skill level 1 in Unarmed Combat
  1267 | D:2      | Reached skill level 1 in Evocations
  1385 | D:2      | Reached XP level 4. HP: 32/32 MP: 11/11
  1583 | D:2      | Identified the +0 cloak of the Shining Light {+Blink
                  | Stlth+}
  1631 | D:2      | Found a faded altar of an unknown god.
  1706 | D:2      | Found the +18 Lear's hauberk
  1982 | D:2      | Found Xasiwuew's General Store.
  2627 | D:3      | Reached skill level 1 in Conjurations
  2627 | D:3      | Reached skill level 1 in Summonings
  2627 | D:3      | Reached skill level 1 in Necromancy
  2627 | D:3      | Reached skill level 1 in Translocations
  2627 | D:3      | Reached skill level 1 in Transmutations
  2627 | D:3      | Reached skill level 1 in Fire Magic
  2627 | D:3      | Reached skill level 1 in Ice Magic
  2627 | D:3      | Reached skill level 1 in Air Magic
  2627 | D:3      | Reached skill level 1 in Earth Magic
  2627 | D:3      | Reached skill level 1 in Poison Magic
  2642 | D:3      | Found Zublofah's Weapon Shoppe.
  2673 | D:3      | Noticed Sigmund
  2693 | D:3      | Killed Sigmund
  2694 | D:3      | Reached XP level 5. HP: 26/38 MP: 12/12
  2694 | D:3      | Reached XP level 6. HP: 30/44 MP: 13/13
  3144 | D:3      | Reached skill level 5 in Dodging
  3449 | D:3      | Mangled by a wight

Illustrated notes

Levels and vault maps discovered:
D:1:      scummos_arrival_gate, layout_basic, serial_glass, glass_columns_a,
          glass_columns_b, glass_columns_c, glass_columns_b,
          minmay_misc_feat_chi
D:2:      layout_loops_ring, serial_shops, shop,
          hellmonk_ecumenical_altar_dog_temple, serial_co_window_serial,
          co_window_paths_b, co_window_of_opportunity_a, co_window_paths_a,
          co_window_of_opportunity_a, co_window_corner_a, co_window_broadway_b,
          co_window_of_opportunity_c, co_window_of_opportunity_b,
          co_window_2corner, co_window_cross_3, glass_columns_c,
          glass_columns_a, glass_columns_a, glass_columns_c, glass_columns_c
D:3:      layout_loops_ring, serial_shops, nicolae_shop_stone, uniq_sigmund

Skill      XL: |  1  2  3  4  5  6 |
---------------+-------------------+-----
Spellcasting   | 5 |  5.4
Stealth        | 6 |  6.3
Invocations    | 1 2 |  2.3
Fighting       | 1 2 |  2.1
Long Blades    | 1 2 |  2.1
Axes           | 1 2 |  2.1
Maces & Flails | 1 2 |  2.1
Polearms       | 1 2 |  2.1
Staves         | 1 2 |  2.1
Slings         | 1 2 |  2.1
Bows           | 1 2 |  2.1
Crossbows      | 1 2 |  2.1
Throwing       | 1 2 |  2.1
Armour         | 1 2 |  2.1
Shields        | 1 2 |  2.1
Unarmed Combat | 1 2 |  2.1
Evocations     | 1 2 |  2.1
Conjurations   | 1 |  1.6
Summonings     | 1 |  1.6
Necromancy     | 1 |  1.6
Translocations | 1 |  1.6
Transmutations | 1 |  1.6
Fire Magic     | 1 |  1.6
Ice Magic      | 1 |  1.6
Air Magic      | 1 |  1.6
Earth Magic    | 1 |  1.6
Poison Magic   | 1 |  1.6
Short Blades   | 3 |  3.3
Dodging        | 5 |  5.0
Hexes          | |  5.7

Action                   |  1- 3 |  4- 6 || total
-------------------------+-------+-------++-------
Melee: Dagger            |   154 |   234 ||   388
       Bite              |     8 |    27 ||    35
       Punch             |     3 |     2 ||     5
       Unarmed           |       |    14 ||    14
Throw: Stone             |     3 |       ||     3
  Use: Scroll            |     4 |     4 ||     8
 Stab: Sleeping          |     5 |     1 ||     6
       Distracted        |       |     1 ||     1
Armor: Robe              |    26 |    16 ||    42
       Leather armour    |    16 |       ||    16
       Chain mail        |       |    79 ||    79
Dodge: Dodged            |   101 |    54 ||   155

Table legend: (Time is in decaauts)
 A = Elapsed time spent in this place.
 B = Non-inter-level travel time spent in this place.
 C = Inter-level travel time spent in this place.
 D = Time resting spent in this place.
 E = Time spent auto-exploring this place.
 F = Levels seen in this place.
 G = Mean time per level.
                   A        B        C        D        E       F      G
               +--------+--------+--------+--------+--------+-----+--------+
         Total |   3392 |   3392 |      0 |      8 |   2096 |   3 | 1130.7 |
       Dungeon |   3392 |   3392 |      0 |      8 |   2096 |   3 | 1130.7 |
               +--------+--------+--------+--------+--------+-----+--------+

Top non-repeatable levels by time:
     D:2: 1499 daAuts
     D:1: 949 daAuts
     D:3: 943 daAuts
